 Dungeon Crawl Stone Soup version 0.31-a0-1068-g5939ac1fb6 (webtiles) character file.

Game seed: 11927604825918853894

18455 isshat the Severer (level 12, -22/112 HPs)
             Began as a Minotaur Berserker on Nov 22, 2023.
             Was an Elder of Trog.
             Killed from afar by a tengu reaver (44 damage)
             ... with a bolt of lightning
             ... on level 12 of the Dungeon on Nov 24, 2023.
             The game lasted 01:17:30 (14125 turns).

isshat the Severer (Minotaur Berserker)            Turns: 14125, Time: 01:17:31

Health: -22/112    AC: 19    Str: 26    XL:     12   Next: 27%
Magic:  11/11      EV:  8    Int: 10    God:    Trog [****..]
Gold:   918        SH: 19    Dex: 11    Spells: 11/11 levels left

rFire   . . .        U - +6 war axe
rCold   . . .        R - +0 tower shield
rNeg    . . .        T - +0 plate armour
rPois   .            (helmet restricted)
rElec   .            v - +0 cloak
rCorr   .            C - +0 pair of gloves
SInv    .            y - +1 pair of boots
Will    ++...        b - amulet of reflection Stlth
                     s - +6 ring of intelligence
HPRegen 1.38/turn    (no ring)
MPRegen 0.12/turn

%: reflection
@: lethally poisoned (-22 -> -23), strong-willed, regenerating, hasted, very
quick
A: horns 2, retaliatory headbutt
a: Renounce Religion, Berserk, Trog's Hand, Brothers in Arms


You were on level 12 of the Dungeon.
You worshipped Trog.
Trog was greatly pleased with you.
You visited 1 branch of the dungeon, and saw 12 of its levels.

You collected 967 gold pieces.
You spent 49 gold pieces at shops.

Inventory:

Hand Weapons
 E - a +3 flail of protection
 M - the +6 sling "Syxt" {flame, rCorr Int+3}
   (You found it on level 8 of the Dungeon)

   Int+3:     It affects your intelligence (+3).
   rCorr:     It protects you from acid and corrosion.
 N - a +1 hand axe of freezing
 U - a +6 war axe (weapon)
Missiles
 k - a throwing net
 D - 21 poisoned darts (quivered)
Armour
 q - a scarf of shadows
 v - a +0 cloak (worn)
 y - a +1 pair of boots (worn)
 C - a +0 pair of gloves (worn)
 K - the +1 chain mail "Erebroesirch" {rF+ Dex+2}
   (You found it on level 11 of the Dungeon)

   Dex+2:     It affects your dexterity (+2).
   rF+:       It protects you from fire.
 L - a +2 kite shield
 R - a +0 tower shield (worn)
 T - a +0 plate armour (worn)
Jewellery
 b - an amulet of reflection (around neck)
 s - a +6 ring of intelligence (left hand)
 J - a ring of flight
 O - a ring of resist corrosion
Wands
 a - a wand of paralysis (6)
 i - a wand of flame (9)
 w - a wand of roots (4)
 X - a wand of acid (3)
Scrolls
 d - 2 scrolls of summoning {unknown}
 f - a scroll of enchant armour {unknown}
 g - a scroll of immolation {unknown}
 m - 3 scrolls of revelation
 n - 2 scrolls of fog {unknown}
 o - a scroll of torment {unknown}
 p - 3 scrolls of fear {unknown}
 u - 5 scrolls of teleportation
 x - a scroll of poison {unknown}
 B - 2 scrolls of silence {unknown}
 F - a scroll of amnesia {unknown}
 I - a scroll of acquirement {unknown}
 P - a scroll of blinking {unknown}
 Q - a scroll of noise {unknown}
 S - a scroll of brand weapon {unknown}
Potions
 c - 3 potions of attraction {unknown}
 e - 3 potions of magic {unknown}
 h - 2 potions of curing
 j - 3 potions of heal wounds {unknown}
 l - 2 potions of cancellation {unknown}
 r - 7 potions of enlightenment
 t - 5 potions of mutation
 z - 3 potions of ambrosia {unknown}
 A - a potion of might {unknown}
 G - 2 potions of brilliance {unknown}
 H - 6 potions of haste
 V - a potion of degeneration {unknown}
 W - a potion of lignification {unknown}


   Skills:
 - Level 12.0 Fighting
 - Level 16.0 Axes
 - Level 10.0 Armour
 + Level 7.7 Dodging
 + Level 7.8 Shields


You had 11 spell levels left.
You didn't know any spells.
Your spell library was empty.

Dungeon Overview and Level Annotations

Branches:
Dungeon (12/15)            Temple (0/1) D:4            Lair (0/5) D:11
    Orc (0/2) D:10

Altars:
Ashenzari
Hepliaklqana
Kikubaaqudgha
Makhleb
Nemelex Xobeh
Okawaru
Qazlal
Xom
Zin
The Shining One

Shops:
D:5 !   D:10 (

Annotations:
D:9 2 transporters
D:12 exclusion: oklob plant


Innate Abilities, Weirdness & Mutations

You have a pair of horns on your head.
You reflexively headbutt those who attack you in melee.


Message History

You barely miss the slime creature. You headbutt the slime creature!
The slime creature is almost dead.
You hit the killer bee. You block the killer bee's attack.
A wyvern comes into view.
You block the killer bee's attack. You block the slime creature's attack.
The wyvern hisses angrily.
You slash the slime creature!
You kill the slime creature!
Trog accepts your kill.
You slash the killer bee!
You kill the killer bee!
Trog accepts your kill.
The wyvern changes into a steam dragon!
You see here a killer bee corpse.
A tengu reaver comes into view. It is wielding a +2 great mace.
The tengu reaver shouts!
The steam dragon breathes steam at you. The ball of steam hits you!
* * * LOW HITPOINT WARNING * * *
You are engulfed in a cloud of scalding steam.
* * * LOW HITPOINT WARNING * * *
Things that are here:
a +0 dagger of flaming; a +0 robe; an orc skeleton The tengu reaver casts a spell at you.
The bolt of poison hits you!
You are poisoned.
* * * LOW HITPOINT WARNING * * *
Things that are here:
a +0 dire flail; a +0 giant club; a two-headed ogre skeleton You feel very sick.
Things that are here:
a +0 troll leather armour; a troll skeleton You feel yourself speed up.
You feel very sick.
You feel sick.
Items here: ) [[ ÷ †.
You feel sick.
The tengu reaver points at you and mumbles some strange words.
The bolt of lightning hits you!!!
You die...

....#.#.#.#.# #.#.#..#####.
.†.†.#...).## #.#...#'#.###
†...#§##.#..## #.#..###._.##
†..#....#....# #.#...#'#.###
).#......#.### #.#....#####.
............###.#####.#.....###..
........Q..§.##.......#......#..#
..........Q########.###........##
########..#.))[[@..§.§...........
........#####..§§§...##.##...
######### ##.§#§#..........
#...§§...#...... #..#.#...##....[
####...§........###
#..........###.##.
############..........#...#..
#.....................#.#.##.#


You could see a tengu reaver (repels missiles).

Vanquished Creatures
  Erolcha (D:11)
  Erica (D:10)
  3 two-headed ogres
  2 boulder beetles (D:11)
  An orc knight (D:10)
  Pikel (D:5)
  2 manticores
  Joseph (D:7)
  A gargoyle (D:11)
  Psyche (D:8)
  Jeremiah (D:6)
  An unseen horror (D:11)
  2 rime drakes (D:12)
  3 trolls (D:12)
  A queen bee (D:12)
  2 hornets
  3 meliai (D:12)
  A slime creature (D:12)
  A centaur simulacrum (D:12)
  A wyvern (D:9)
  2 wraiths (D:10)
  11 yaks (D:10)
  A vampire (D:10)
  A steam dragon (D:7)
  2 acid dragons
  Duvessa (D:5)
  3 orc warriors
  A water moccasin (D:6)
  A sky beast (D:6)
  2 ice beasts
  An ogre (D:6)
  A wolf (D:12)
  7 centaurs
  A lemure (D:5)
  A phantom (D:5)
  2 kobold brigands
  Blork the orc (D:6)
  3 bullfrogs
  2 gnoll sergeants
  2 scorpions
  5 wights (D:8)
  Dowan (D:4)
  42 killer bees
  An electric eel (D:10)
  A vampire bat (D:4)
  5 howler monkeys (D:9)
  Crazy Yiuf (D:3)
  A gnoll bouda (D:7)
  2 jellies (D:6)
  13 orc priests
  A hound (D:7)
  An iguana (D:7)
  2 sleepcaps
  15 orc wizards
  4 hound zombies (D:4)
  2 hound skeletons (D:4)
  11 gnolls
  4 adders
  4 white imps
  2 ufetubi (D:5)
  2 adder zombies (D:4)
  4 dart slugs
  3 fire bats (D:4)
  50 orcs
  2 spectral bats (D:4)
  6 ball pythons
  3 bat skeletons (D:4)
  A bat zombie (D:4)
  6 endoplasms
  A giant cockroach (D:2)
  A goblin (D:1)
  4 hobgoblins
  4 quokkas
  16 bats
  A bat simulacrum (D:4)
  2 frilled lizards
  19 kobolds
  4 rats
323 creatures vanquished.

Vanquished Creatures (others)
  A kobold (D:7)
1 creature vanquished.

Grand Total: 324 creatures vanquished

Notes
Turn   | Place    | Note
-------+----------+-------------------------------------------
     0 | D:1      | isshat the Minotaur Berserker began the quest for the Orb.
     0 | D:1      | Reached XP level 1. HP: 19/19 MP: 0/0
   254 | D:1      | Reached XP level 2. HP: 20/27 MP: 1/1
   332 | D:1      | Reached skill level 4 in Axes
  1139 | D:2      | Reached XP level 3. HP: 29/33 MP: 2/2
  1466 | D:3      | Found a runed translucent door.
  1467 | D:3      | Noticed Crazy Yiuf
  1496 | D:3      | Reached ** piety under Trog
  1682 | D:3      | Reached skill level 5 in Axes
  2195 | D:3      | Killed Crazy Yiuf
  2196 | D:3      | Reached XP level 4. HP: 40/40 MP: 3/3
  2273 | D:4      | Reached skill level 6 in Axes
  2304 | D:4      | Found an iron altar of Okawaru.
  2319 | D:4      | Found a hazy altar of Hepliaklqana.
  2424 | D:4      | Found a burning altar of Makhleb.
  2424 | D:4      | Found an ancient bone altar of Kikubaaqudgha.
  2459 | D:4      | Reached XP level 5. HP: 42/46 MP: 4/4
  2531 | D:4      | Found a shimmering altar of Xom.
  2531 | D:4      | Found a glowing silver altar of Zin.
  2696 | D:4      | Reached skill level 7 in Axes
  2938 | D:4      | Reached *** piety under Trog
  3002 | D:4      | Reached skill level 8 in Axes
  3002 | D:4      | Reached XP level 6. HP: 52/52 MP: 5/5
  3208 | D:4      | Found a staircase to the Ecumenical Temple.
  3296 | D:5      | Entered Level 5 of the Dungeon
  3327 | D:5      | Noticed Pikel
  3350 | D:5      | Killed Pikel
  3351 | D:5      | Reached skill level 10 in Axes
  3351 | D:5      | Reached XP level 7. HP: 58/58 MP: 6/6
  3526 | D:5      | Reached skill level 11 in Axes
  3530 | D:5      | Noticed Dowan
  3533 | D:5      | Noticed Duvessa
  3552 | D:5      | Killed Duvessa
  3553 | D:5      | Reached XP level 8. HP: 66/66 MP: 7/7
  3577 | D:4      | Killed Dowan
  3710 | D:5      | Reached skill level 12 in Axes
  3772 | D:5      | Found Tacuetew's Distillery.
  3834 | D:5      | You fall into a shaft and drop 2 floors!
  3846 | D:7      | Noticed Joseph
  3890 | D:7      | Killed Joseph
  3891 | D:7      | Reached skill level 13 in Axes
  3972 | D:7      | HP: 2/66 [kobold brigand/+0 dagger of speed (3)]
  4132 | D:7      | Noticed a hornet
  4142 | D:7      | Killed a hornet
  4143 | D:7      | Reached skill level 14 in Axes
  4143 | D:7      | Reached XP level 9. HP: 73/73 MP: 8/8
  4206 | D:7      | Reached skill level 5 in Fighting
  4704 | D:7      | Reached **** piety under Trog
  5376 | D:6      | Reached skill level 15 in Axes
  5857 | D:6      | Noticed Jeremiah
  5877 | D:6      | Killed Jeremiah
  5878 | D:6      | Reached XP level 10. HP: 88/88 MP: 9/9
  5881 | D:6      | Noticed Blork the orc
  5951 | D:6      | Killed Blork the orc
  6723 | D:8      | Reached skill level 16 in Axes
  6826 | D:8      | Found a broken altar of Ashenzari.
  7572 | D:8      | Found a stormy altar of Qazlal.
  7782 | D:8      | Noticed Psyche
  7811 | D:8      | Killed Psyche
  7812 | D:8      | Reached skill level 10 in Fighting
  7854 | D:8      | Found a glowing golden altar of the Shining One.
  7949 | D:8      | Identified the +6 sling "Syxt" {flame, rCorr Int+3}
  8216 | D:9      | Reached skill level 5 in Armour
  8230 | D:9      | Paralysed by a centaur for 5 turns
  8457 | D:9      | Paralysed by a centaur for 4 turns
  8871 | D:9      | Reached ***** piety under Trog
  9717 | D:9      | Found a transporter.
  9719 | D:9      | Found a transporter.
  9720 | D:9      | Found a transporter.
  9826 | D:9      | Found a transporter.
  9973 | D:10     | Entered Level 10 of the Dungeon
 10341 | D:10     | Noticed Erica
 10348 | D:10     | Killed Erica
 10362 | D:10     | Noticed a manticore
 10392 | D:10     | HP: 4/93 [barbs]
 10397 | D:10     | HP: 1/93 [gnoll sergeant/+0 spear (5)]
 10880 | D:10     | Killed a manticore
 10881 | D:10     | Reached skill level 5 in Dodging
 10999 | D:10     | Noticed an orc knight
 11031 | D:10     | Killed an orc knight
 11032 | D:10     | Reached XP level 11. HP: 74/99 MP: 10/10
 11173 | D:10     | Reached skill level 1 in Shields
 11520 | D:10     | Found a staircase to the Orcish Mines.
 11524 | D:10     | Found Xiomul's Weapon Shoppe.
 11536 | D:10     | Bought a +0 war axe for 49 gold pieces
 11620 | D:10     | Reached skill level 5 in Shields
 11927 | D:11     | Noticed Erolcha
 11931 | D:11     | Killed Erolcha
 12529 | D:11     | Noticed a two-headed ogre
 12541 | D:11     | Killed a two-headed ogre
 12784 | D:11     | Found a staircase to the Lair.
 12917 | D:11     | Identified the +1 chain mail "Erebroesirch" {rF+ Dex+2}
 13108 | D:11     | Noticed a boulder beetle
 13120 | D:11     | Killed a boulder beetle
 13134 | D:11     | Noticed a two-headed ogre
 13145 | D:11     | Killed a two-headed ogre
 13239 | D:11     | Noticed a boulder beetle
 13265 | D:11     | Killed a boulder beetle
 13298 | D:11     | Upgraded the game from 0.31-a0-1066-g35875b34c7 to
                  | 0.31-a0-1068-g5939ac1fb6
 13306 | D:12     | Found a frozen archway.
 13757 | D:12     | Found a sparkling altar of Nemelex Xobeh.
 13825 | D:12     | Reached XP level 12. HP: 110/110 MP: 11/11
 13905 | D:12     | Noticed a two-headed ogre
 13915 | D:12     | Killed a two-headed ogre
 13999 | D:12     | Reached skill level 10 in Armour
 14116 | D:12     | Noticed a tengu reaver
 14125 | D:12     | Killed from afar by a tengu reaver

Illustrated notes

Levels and vault maps discovered:
D:1:      minmay_arrival_open_corners, layout_basic
D:2:      layout_rooms, hangedman_glass_teeth
D:3:      layout_basic, hex_intersection, uniq_crazy_yiuf_cottage
D:4:      layout_rooms, okawaru_trees_1, mainiacjoe_overflow_alcove_4,
          chequers_temple_overflow_statue_of_worship,
          minmay_temple_entry_statues_pillars,
          mainiacjoe_ossuary_entry_find_the_door, goddamned_bats
D:5:      layout_cave_pods, serial_shops, shop, uniq_duvessa, uniq_pikel
D:6:      layout_basic, st_stairs_13, uniq_blork_the_orc, uniq_jeremiah
D:7:      layout_rooms, nicolae_titane, uniq_joseph
D:8:      layout_rooms, mainiacjoe_overflow_24_doors,
          mainiacjoe_overflow_small_starburst, lemuel_doored_altar, uniq_psyche
D:9:      layout_small_grid, nicolae_diode_intersection
D:10:     layout_roguey, orc_david_3, kennysheep_generic_room_16, uniq_erica
D:11:     layout_long_grid, lair_entry_dummy, gauntlet_entry_generic,
          uniq_erolcha
D:12:     regret_index_harrowing_hell_hive, layout_basic, serial_ice,
          serial_ice_f, serial_ice_b, serial_ice_l, serial_ice_n, serial_ice_e,
          serial_ice_m, serial_ice_d, portal_ice_cave_rime,
          nemelex_diamond_rough_becter, uniq_jorgrun, uniq_urug

Skill      XL: |  1  2  3  4  5  6  7  8  9 10 11 12 |
---------------+-------------------------------------+-----
Axes           | 4 5 6 8 10 11 14 15 16 | 16.0
Fighting       | 4 8 10 11 12 | 12.0
Armour         | 7 9 10 | 10.0
Dodging        | 6 7 |  7.7
Shields        | 7 |  7.8

Action                     |  1- 3 |  4- 6 |  7- 9 | 10-12 || total
---------------------------+-------+-------+-------+-------++-------
  Melee: Hand axe          |   102 |   108 |   310 |   338 ||   858
         Headbutt          |     9 |    17 |    40 |   107 ||   173
         War axe           |       |       |       |   189 ||   189
  Throw: Dart              |       |       |     8 |    24 ||    32
 Invoke: Berserk           |     1 |     4 |     7 |    13 ||    25
         Trog's Hand       |     1 |     1 |     3 |    13 ||    18
  Evoke: Wand              |       |       |       |     1 ||     1
    Use: Scroll            |       |       |       |    14 ||    14
         Potion            |       |       |       |     5 ||     5
   Stab: Distracted        |       |       |     1 |       ||     1
 Armour: Animal skin       |    14 |       |       |       ||    14
         Leather armour    |    16 |       |       |       ||    16
         Scale mail        |    34 |    23 |       |       ||    57
         Chain mail        |       |    64 |   202 |   214 ||   480
         Skin              |       |       |       |    13 ||    13
         Plate armour      |       |       |       |   140 ||   140
  Dodge: Dodged            |    54 |    51 |    95 |   122 ||   322
  Block: Buckler           |     8 |    22 |    36 |    14 ||    80
         Kite shield       |       |       |       |    27 ||    27
         Tower shield      |       |       |       |   235 ||   235
         Reflection        |       |       |       |     4 ||     4

Table legend: (Time is in decaauts)
 A = Elapsed time spent in this place.
 B = Non-inter-level travel time spent in this place.
 C = Inter-level travel time spent in this place.
 D = Time resting spent in this place.
 E = Time spent auto-exploring this place.
 F = Levels seen in this place.
 G = Mean time per level.
                   A        B        C        D        E       F      G
               +--------+--------+--------+--------+--------+-----+--------+
         Total |  14150 |  13535 |    615 |   4348 |   5044 |  12 | 1179.2 |
       Dungeon |  14150 |  13535 |    615 |   4348 |   5044 |  12 | 1179.2 |
               +--------+--------+--------+--------+--------+-----+--------+

Top non-repeatable levels by time:
     D:8: 2420 daAuts
    D:10: 1730 daAuts
    D:11: 1303 daAuts
     D:7: 1300 daAuts
     D:9: 1239 daAuts
     D:3: 1067 daAuts
     D:4: 1045 daAuts
     D:1: 1007 daAuts
     D:6: 962 daAuts
     D:5: 881 daAuts
    D:12: 749 daAuts
     D:2: 442 daAuts
